 Dungeon Crawl Stone Soup version 0.26.1-10-gdfb7c7de75 (webtiles) character file.

Game seed: 6629401738987199577

3247 raph the Geomancer (level 9, -3/45 HPs)
             Began as a Deep Elf Earth Elementalist on Apr 1, 2021.
             Was a Follower of Vehumet.
             Slain by Harold
             ... wielding a +1 short sword of electrocution
              (9 damage)
             ... on level 7 of the Dungeon.
             The game lasted 00:16:40 (10250 turns).

raph the Geomancer (Deep Elf Earth Elementalist)   Turns: 10250, Time: 00:16:41

Health: -3/45      AC:  3    Str: 11    XL:     9   Next: 67%
Magic:  6/16       EV:  7    Int: 24    God:    Vehumet [*.....]
Gold:   32         SH:  0    Dex: 15    Spells: 3/15 levels left

rFire    . . .     SeeInvis .   i - +2 dagger (protect)
rCold    . . .     Faith    .   m - +0 buckler
rNeg     + . .     Spirit   .   n - +1 robe {Will+}
rPois    .         Reflect  .   (no helmet)
rElec    .         Harm     .   (no cloak)
rCorr    .         Rampage  .   (no gloves)
Will     +....                  (no boots)
Stlth    ++........             (no amulet)
HPRegen  0.15/turn              h - +6 ring of strength
MPRegen  0.15/turn              q - ring of positive energy

@: held, studying Air Magic
A: no striking features
a: Renounce Religion


You were on level 7 of the Dungeon.
You worshipped Vehumet.
Vehumet was aware of your devotion.
You visited 2 branches of the dungeon, and saw 8 of its levels.

You collected 262 gold pieces.
You spent 230 gold pieces at shops.

Inventory:

Hand Weapons
 d - a +0 dagger
 i - a +2 dagger of protection (weapon)
Missiles
 e - 20 stones
Armour
 c - a +0 robe
 m - a +0 buckler (worn)
 n - a +1 robe of willpower (worn)
Jewellery
 h - a +6 ring of strength (left hand)
 l - a +6 ring of strength
 q - a ring of positive energy (right hand)
Wands
 u - a wand of flame (26)
 w - a wand of acid (9)
Scrolls
 b - a scroll of fear
 f - a scroll of identify
 g - 3 scrolls of remove curse
 p - 4 scrolls of teleportation
 r - a scroll of amnesia
 x - a scroll of blinking
 y - a scroll of magic mapping
Potions
 a - a potion of might
 j - 2 potions of brilliance
 k - 2 potions of invisibility
 o - a potion of resistance
 s - 2 potions of flight
 t - 3 potions of curing
 v - a potion of heal wounds
Books
 z - a manual of Air Magic


   Skills:
 - Level 3.1 Dodging
 - Level 3.3 Stealth
 - Level 4.0 Shields
 - Level 3.8 Spellcasting
 - Level 1.8 Conjurations
 - Level 1.1 Transmutations
 * Level 13.2 Earth Magic


You had 3 spell levels left.
You knew the following spells:

 Your Spells              Type           Power        Failure   Level
a - Sandblast             Erth           100%         1%          1
b - Passwall              Tmut/Erth      32%          1%          2
c - Stone Arrow           Conj/Erth      80%          1%          3
d - Lee's Rapid Deconstr  Erth           31%          1%          5
e - Animate Skeleton      Necr           8%           10%         1

Your spell library contained the following spells:

 Spells                   Type           Power        Failure   Level
 Freeze                   Ice            16%          10%         1
 Pain                     Necr           16%          10%         1
 Vampiric Draining        Necr           2%           30%         3
 Petrify                  Tmut/Erth      39%          5%          4
 Animate Dead             Necr           2%           69%         4
 Agony                    Necr           4%           95%         5


Dungeon Overview and Level Annotations

Branches:
Dungeon (7/15)             Temple (1/1) D:4

Altars:
Dithmenos
Elyvilon
Fedhas
Gozag
Hepliaklqana
Kikubaaqudgha
Makhleb
Nemelex Xobeh
Okawaru
Qazlal
Ru
Sif Muna
Trog
Vehumet
Wu Jian
Yredelemnul
Zin
The Shining One

Shops:
D:5 }   D:7 (

Annotations:
D:3 Sigmund
D:7 Harold


Message History

Harold hits you with a +1 short sword of electrocution.
Unknown command.
Casting: Lee's Rapid Deconstruction (dangerous; 1% risk of failure)
Confirm with . or Enter, or press ? or * to list all spells.
Aiming: Lee's Rapid Deconstruction (dangerous; 1% risk of failure)
Press: ? - help, Dir - move target A rock wall.
The wall shatters!
The blast of rock fragments hits Harold!
Harold is moderately wounded.
Harold hits you but does no damage.
You are electrocuted!!
* * * LOW HITPOINT WARNING * * *
Unknown command.
You struggle against the net.
The ufetubus hits you.
* * * LOW HITPOINT WARNING * * *
The ufetubus barely misses you.
The ufetubus hits you but does no damage.
The ufetubus barely misses you.
Harold hits you with a +1 short sword of electrocution!
You die...

### .... !.... ##...
##... #######
######### # ##).#
#...... ........#
#.#.@# #....[.
........## #.5@##
#...... .........#
##..# #......
.........#####...##
#......
...............#..###
##......
........####..........
##..##... ....#####
#(####.##.# ##..##....
....# #.# #.#
#..##..... ....## #.#
#.# #.###..... .....##
###.# #. #.# #.....


You could see Harold and an ufetubus.

Vanquished Creatures
  Pikel (D:7)
  Prince Ribbit (D:6)
  3 yaks (D:7)
  Menkaure (D:5)
  Edmund (D:6)
  A water moccasin (D:6)
  2 orc warriors
  An ice beast (D:6)
  4 ogres
  3 lemures
  A centaur (D:6)
  A big kobold (D:4)
  2 bullfrogs
  5 scorpions
  A jelly (D:5)
  A howler monkey (D:7)
  A quasit (D:7)
  A bullfrog zombie (D:5)
  2 hounds
  Natasha (thrice) (D:2)
  An iguana (D:7)
  A worker ant (D:6)
  6 orc wizards (D:6)
  4 gnolls (D:7)
  5 adders
  A shadow imp (D:7)
  An ufetubus (D:5)
  An ooze (D:1)
  3 worms
  6 leopard geckos
  24 orcs
  6 giant cockroaches
  5 goblins
  12 hobgoblins
  3 quokkas
  5 ball pythons
  5 bats
  3 frilled lizards
  A jackal zombie (D:5)
  5 kobolds
  2 leopard gecko zombies (D:5)
  2 rats
138 creatures vanquished.

Notes
Turn   | Place    | Note
-------+----------+-------------------------------------------
     0 | D:1      | raph the Deep Elf Earth Elementalist began the quest for
                  | the Orb.
     0 | D:1      | Reached XP level 1. HP: 10/10 MP: 6/6
   378 | D:1      | Reached XP level 2. HP: 15/15 MP: 6/8
   880 | D:2      | Reached XP level 3. HP: 18/19 MP: 4/9
   883 | D:2      | Learned a level 2 spell: Passwall
   887 | D:2      | Learned a level 3 spell: Stone Arrow
   983 | D:2      | Reached skill level 4 in Earth Magic
  1016 | D:2      | Noticed Natasha
  1021 | D:2      | Killed Natasha
  1022 | D:2      | Reached XP level 4. HP: 22/24 MP: 5/11
  1200 | D:2      | Noticed Natasha
  1246 | D:2      | Killed Natasha
  1247 | D:2      | Reached skill level 1 in Conjurations
  1330 | D:2      | Noticed Natasha
  1341 | D:2      | Killed Natasha
  1942 | D:2      | Reached XP level 5. HP: 28/28 MP: 10/12
  2534 | D:3      | Learned a level 5 spell: Lee's Rapid Deconstruction
  2569 | D:2      | Reached skill level 5 in Earth Magic
  3121 | D:3      | Noticed Sigmund
  3147 | D:4      | Noticed an ogre
  3151 | D:4      | Killed an ogre
  3152 | D:4      | Reached skill level 6 in Earth Magic
  3560 | D:4      | Found a sacrificial altar of Ru.
  3577 | D:4      | Reached XP level 6. HP: 27/32 MP: 7/13
  3586 | D:4      | Reached skill level 7 in Earth Magic
  3800 | D:4      | Learned a level 1 spell: Animate Skeleton
  3955 | D:4      | Found a shadowy altar of Dithmenos.
  4105 | D:4      | Found a staircase to the Ecumenical Temple.
  4114 | Temple   | Entered the Ecumenical Temple
  4308 | Temple   | Became a worshipper of Vehumet
  4325 | D:4      | Reached skill level 1 in Shields
  4583 | D:5      | Entered Level 5 of the Dungeon
  4599 | D:5      | Reached XP level 7. HP: 18/36 MP: 2/14
  4910 | D:5      | Found Zin's Purification Station.
  4915 | D:5      | Found a glowing silver altar of Zin.
  4920 | D:5      | Bought a potion of curing for 90 gold pieces
  4936 | D:5      | Found Jaisif's Gadget Shoppe.
  4978 | D:5      | Noticed Menkaure
  5011 | D:5      | Killed Menkaure
  5253 | D:5      | Reached skill level 8 in Earth Magic
  6142 | D:5      | Reached XP level 8. HP: 40/41 MP: 13/15
  6666 | D:6      | Reached skill level 9 in Earth Magic
  7201 | D:6      | Reached * piety under Vehumet
  7201 | D:6      | Offered knowledge of Freeze by Vehumet.
  7389 | D:5      | Reached skill level 10 in Earth Magic
  7770 | D:6      | Noticed Prince Ribbit
  7998 | D:6      | Killed Prince Ribbit
  8135 | D:6      | Reached skill level 11 in Earth Magic
  8406 | D:6      | Noticed Edmund
  8411 | D:6      | Killed Edmund
  8412 | D:6      | Reached XP level 9. HP: 45/45 MP: 1/16
  9016 | D:7      | Noticed Pikel
  9653 | D:7      | Killed Pikel
  9654 | D:7      | Reached skill level 12 in Earth Magic
  9854 | D:7      | Reached skill level 13 in Earth Magic
 10005 | D:7      | Found Uluruo's Antique Weapon Boutique.
 10012 | D:7      | Bought a glowing dagger for 140 gold pieces
 10244 | D:7      | Noticed Harold
 10250 | D:7      | Slain by Harold

Illustrated notes

Levels and vault maps discovered:
D:1:      onia_arrival_handbag, layout_loops_cross, minmay_tromino_i2
D:2:      layout_loops_ring, uniq_natasha
D:3:      layout_basic, uniq_sigmund
D:4:      layout_loops_cross, overflow_temple_1_default,
          gammafunk_temple_overflow_wave, minmay_temple_entry_butterflies,
          nicolae_dithmenos_through_a_glass_darkly, uniq_crazy_yiuf_cottage
D:5:      layout_basic, zin_purify, serial_shops,
          nicolae_shop_temple_entry_statues_fountains, uniq_menkaure
D:6:      layout_basic, uniq_prince_ribbit1, uniq_edmund
D:7:      layout_rooms, serial_shops, shop, minmay_manual_macuahuitl,
          uniq_pikel, uniq_harold
Temple:   eino_temple_scatter_basement

Skill      XL: |  1  2  3  4  5  6  7  8  9 |
---------------+----------------------------+-----
Stealth        | 3 |  3.3
Dodging        | 3 |  3.1
Earth Magic    | 4 6 7 8 11 13 | 13.2
Conjurations   | 1 |  1.8
Shields        | 1 3 4 |  4.0
Spellcasting   | |  3.8
Transmutations | |  1.1

Action                   |  1- 3 |  4- 6 |  7- 9 || total
-------------------------+-------+-------+-------++-------
Melee: Dagger            |       |    91 |    40 ||   131
 Cast: Sandblast         |    32 |    28 |    32 ||    92
       Stone Arrow       |     1 |    22 |    49 ||    72
       Lee's Rapid Decon |       |     2 |    31 ||    33
       Animate Skeleton  |       |     4 |     2 ||     6
  Use: Scroll            |       |     8 |     9 ||    17
 Stab: Sleeping          |       |     1 |     2 ||     3
Armor: Robe              |       |    16 |     7 ||    23
Dodge: Dodged            |     7 |    85 |    42 ||   134
Block: Buckler           |       |     2 |    19 ||    21
